AoeStats
← sub2myof@vivifanoftv

Arena

509959742Analyzed
1v1 RM · 4d ago on Sep 28, 2026· 37m 47s· 2 players
Game mode
Random Map
Map size
Tiny (2 player)
Population
200
Speed
Normal
Resources
Standard
Victory
Conquest
Starting age
Dark Age
Ending age
Imperial Age
RankedLock teamsTeams togetherTeam positionsShared explorationLock speedFull tech treeHidden civsTurbo modeCheats
Victory
Defeat
🇺🇸 Turks · United States
1183
+16
🇮🇹 Britons · Italy
1190
-16
sub2myof@vivifanoftv
10:43 Feudal Age
15:03 Castle Age
14:06 Double-Bit Axe
14:31 Horse Collar
15:21 Loom
28:25 Imperial Age
27:13 Atonement
29:57 Redemption
34:03 Sanctity
mdp89
10:08 Feudal Age
11:56 Loom
14:24 Castle Age
12:13 Double-Bit Axe
12:43 Horse Collar
24:21 Fletching
29:42 Imperial Age
29:16 Bodkin Arrow
31:31 Bracer
37:52 Padded Archer Armor
Connection lost

Rejoining the realm…

Still unreachable

The connection could not be restored.

Session expired

The server has moved on; the page needs a fresh start.